 Dungeon Crawl Stone Soup version 0.31.0-9-g3a7656b989 (webtiles) character file.

Game seed: 929948467767445727

72 qw the Shooter (level 4, 0/22 HPs)
             Began as a Spriggan Hunter on Feb 2, 2024.
             Slain by a black bear (4 damage)
             ... on level 2 of the Dungeon.
             The game lasted 00:00:04 (1377 turns).

qw the Shooter (Spriggan Hunter)                    Turns: 1377, Time: 00:00:04

Health: 0/22       AC:  2    Str:  7    XL:     4   Next: 6%
Magic:  5/5        EV: 19    Int: 10    God:
Gold:   94         SH:  0    Dex: 20    Spells: 3/3 levels left

rFire   . . .        a - +0 shortbow
rCold   . . .        (shield currently unavailable)
rNeg    . . .        c - +0 robe
rPois   .            (helmet restricted)
rElec   .            (no cloak)
rCorr   .            (gloves unavailable)
SInv    +            (boots unavailable)
Will    .....        (no amulet)
Stlth   ++           (no ring)
HPRegen 0.23/turn    (no ring)
MPRegen 0.09/turn

%: no passive effects
@: very quick
A: very small, no large weapons, unfitting armour, see invisible, speed 3
a: no special abilities


You were on level 2 of the Dungeon.
You visited 1 branch of the dungeon, and saw 2 of its levels.

You collected 94 gold pieces.


Innate Abilities, Weirdness & Mutations

You are very small and have problems with some larger weapons.
You are too small for most types of armour.
You have supernaturally acute eyesight. (SInv)
You cover ground extremely quickly. (Speed+++)


   Skills:
 - Level 1.5 Fighting
 - Level 5.0 Ranged Weapons
 + Level 4.3 Dodging
 - Level 1.5 Stealth


You had 3 spell levels left.
You didn't know any spells.
Your spell library was empty.

Inventory:

Hand Weapons
 a - a +0 shortbow (weapon)
Armour
 c - a +0 robe (worn)
Jewellery
 b - an amulet of magic regeneration
Scrolls
 f - 2 scrolls of teleportation {unknown}
Potions
 d - a potion of enlightenment
 e - a potion of degeneration {unknown}
 h - a potion of mutation {unknown}

Dungeon Overview and Level Annotations

Branches:
Dungeon (2/15)

Altars:


Message History

You kill the adder!
You have reached level 4!
Found a stone staircase leading down.
There is a stone staircase leading down here.
e - a fizzy purple potion
f - a scroll labelled XETINUMEQU
There is an open door here.
f - 2 scrolls labelled XETINUMEQU (gained 1)
A goblin comes into view. It is wielding a +0 club.
You shoot an arrow. The arrow hits the goblin!
You kill the goblin!
You now have 86 gold pieces (gained 11).
You now have 94 gold pieces (gained 8).
A black bear comes into view.
You shoot an arrow.
The arrow completely misses the black bear.
The black bear growls angrily.
You shoot an arrow. The arrow hits the black bear!
The black bear is moderately wounded.
You shoot an arrow. The arrow hits the black bear.
The black bear is heavily wounded.
The black bear closely misses you. x2; The black bear misses you.
You shoot an arrow.
The arrow closely misses the black bear.
The black bear misses you. The black bear claws you. x2
You shoot an arrow. The arrow hits the black bear.
The black bear is severely wounded.
The black bear completely misses you. The black bear closely misses you. x2
You shoot an arrow. The arrow barely misses the black bear.
The black bear misses you. The black bear barely misses you.
The black bear closely misses you. The black bear barely misses you. x2
The black bear misses you.
You shoot an arrow. The arrow hits the black bear.
The black bear is almost dead.
The black bear goes berserk!
You shoot an arrow. The arrow hits the black bear.
The black bear is almost dead.
The black bear bites you! The black bear misses you. The black bear claws you.
The black bear barely misses you. The black bear claws you.
You die...

......... .%.##.## #.
. #.###.# #. .##
#.....# ....# #..
#.##### #.#.. ....
#.#####
#.#.###.##.#+#
#.%...# #...... #.#.#
#.###.##
##..h#####.#.#
#.#7~.~7
#..@....##.#.##
#.777~77
###...##.##....#####
#.77~~~7
#..................##
#.#7.~77
#)######.........#..#
7777~~77 #.
######.#.....#
77~7~~~77777#
#.#......
~~~..~.~~~~..
#.#.....#
77PP~~~77777#
#.#.....# 777P~P7
#.#######


You could see a black bear (berserk).

Vanquished Creatures
  An adder (D:2)
  A dart slug (D:2)
  An orc (D:2)
  4 endoplasms
  A giant cockroach (D:2)
  A hobgoblin (D:1)
  9 jackals (D:1)
  5 kobolds
  4 quokkas
  5 ball pythons
  7 bats
  4 frilled lizards (D:1)
  7 goblins
  3 rats (D:1)
53 creatures vanquished.

Notes
Turn   | Place    | Note
-------+----------+-------------------------------------------
     0 | D:1      | qw the Spriggan Hunter began the quest for the Orb.
     0 | D:1      | Reached XP level 1. HP: 10/10 MP: 2/2
     0 | D:1      | 0 ||| qw: Version: 0.3-a-155-g5e7d8dd
     0 | D:1      | 0 ||| qw: Game counter: 2290
     0 | D:1      | 0 ||| qw: Melee chars always use a shield: true
     0 | D:1      | 0 ||| qw: God list: Okawaru
     0 | D:1      | 0 ||| qw: Allow faded altars: false
     0 | D:1      | 0 ||| qw: Do Orc after clearing Dungeon:15 true
     0 | D:1      | 0 ||| qw: Do second Lair branch before Depths: true
     0 | D:1      | 0 ||| qw: Lair rune preference: random
     0 | D:1      | 0 ||| qw: Goals: Normal
     0 | D:1      | 0 ||| PLANNING D:1-11
    97 | D:1      | Reached skill level 3 in Dodging
   129 | D:1      | Reached XP level 2. HP: 14/14 MP: 3/3
   149 | D:1      | Found a faded altar of an unknown god.
   457 | D:1      | Reached XP level 3. HP: 18/18 MP: 4/4
   782 | D:1      | 782 ||| READING scroll labelled KUOFFOEQEF.
   782 | D:1      | 782 ||| IDENTIFYING coppery potion
   783 | D:1      | 783 ||| READING scroll labelled GEVOUZXEMA.
   784 | D:1      | 784 ||| READING scroll labelled PEOFUA RAILO.
   785 | D:1      | 785 ||| READING scroll labelled GEOPOE WOKOIPA.
   786 | D:1      | 786 ||| DRINKING 2 pink potions.
   787 | D:1      | 787 ||| DROPPING scroll of butterflies.
   788 | D:1      | 788 ||| DROPPING potion of brilliance.
   790 | D:1      | 790 ||| Stepping ~*~*~tactically~*~*~ (cloud).
   795 | D:1      | HP: 4/18 [poisoned by you (poison gas)]
   799 | D:1      | HP: 1/18 [poisoned by you (poison gas)]
  1220 | D:2      | Reached skill level 5 in Ranged Weapons
  1261 | D:2      | Reached XP level 4. HP: 22/22 MP: 5/5
  1369 | D:2      | Noticed a black bear
  1377 | D:2      | HP: 4/22 [black bear (4)]
  1377 | D:2      | Slain by a black bear

Levels and vault maps discovered:
D:1:      dpeg_arrival_brainrot, layout_loops_ring,
          shapermc_ecumenical_altar_starsandcircs, minmay_hexomino_c4
D:2:      layout_loops_corners, serial_bayou_crossing

Skill      XL: |  1  2  3 |
---------------+----------+-----
Dodging        | 3 4 |  4.3
Ranged Weapons | 5 |  5.0
Fighting       | |  1.5
Stealth        | |  1.5

Action                     |  1- 3 |  4- 6 || total
---------------------------+-------+-------++-------
   Fire: Shortbow          |   104 |     9 ||   113
    Use: Scroll            |     4 |       ||     4
         Potion            |     1 |       ||     1
 Armour: Robe              |     6 |     5 ||    11
  Dodge: Dodged            |    10 |    15 ||    25

Table legend:
 A = Non-vault XP
 B = Vault XP
 C = Vault XP percentage of total XP
 D = Non-vault monster count
 E = Vault monster count
 F = Vault count percentage of total count
                 A         B        C        D         E       F
            +---------+---------+-------+---------+---------+-------
      Total |      94 |       9 |   8.7 |      48 |       5 |   9.4
            +---------+---------+-------+---------+---------+-------
        D:1 |      49 |       9 |  15.5 |      31 |       5 |  13.9
        D:2 |      45 |       0 |   0.0 |      17 |       0 |   0.0
            +---------+---------+-------+---------+---------+-------
